 Dungeon Crawl Stone Soup version 0.20.1-1-g8b1a95d (webtiles) character file.

464 vishdafish the Skirmisher (level 6, -5/72 HPs)
             Began as a Demonspawn Fighter on July 3, 2017.
             Was a Follower of Jiyva.
             Slain by CalmDownMonkey's ghost (12 damage)
             ... on level 4 of the Dungeon.
             The game lasted 00:04:56 (2838 turns).

vishdafish the Skirmisher (Demonspawn Fighter)      Turns: 2838, Time: 00:04:57

Health: -5/72      AC: 23    Str: 23    XL:     6   Next: 80%
Magic:  6/6        EV:  2    Int:  9    God:    Jiyva [*.....]
Gold:   152        SH: 10    Dex: 13    Spells: 5/5 levels left

rFire    . . .     SeeInvis .   a - +0 war axe
rCold    . . .     Gourm    .   c - +0 shield
rNeg     + + +     Faith    .   (armour currently unavailable)
rPois    +         Spirit   .   (helmet currently unavailable)
rElec    .         Reflect  .   (cloak currently unavailable)
rCorr    .         Harm     .   (gloves currently unavailable)
MR       .....     NoTele   +   (boots currently unavailable)
Stlth    ..........             (no amulet)
Regen    0.3/turn               e - ring of loudness (curse)
MPRegen  0.1/turn               (no ring)

@: mighty, lethally poisoned (-5 -> -6), tree-form
A: demonic guardian 1, powered by pain 1
a: Request Jelly, Renounce Religion


You were on level 4 of the Dungeon.
You worshipped Jiyva.
Jiyva was aware of your devotion.
You were not hungry.
You were a tree.
You visited 1 branch of the dungeon, and saw 4 of its levels.

You collected 152 gold pieces.

Inventory:

Hand Weapons
 a - a +0 war axe (weapon)
Armour
 b - a +0 scale mail
 c - a +0 shield (worn)
 x - a +3 scale mail (melded)
Jewellery
 e - a cursed ring of loudness (left branch)
 g - a +4 ring of protection {unknown}
Wands
 u - a wand of digging (11/24)
Scrolls
 i - 3 scrolls of enchant weapon {unknown}
 k - 4 scrolls of teleportation {unknown}
 l - 2 scrolls of identify {unknown}
 m - a scroll of amnesia {unknown}
 r - a scroll of random uselessness {unknown}
 s - a scroll of immolation {unknown}
 w - a scroll of fog {unknown}
Potions
 d - 2 potions of might
 j - a potion of lignification
 o - a potion of flight {unknown}
 q - 2 potions of mutation {unknown}
 t - a potion of degeneration {unknown}
 v - a potion of invisibility {unknown}
Comestibles
 f - 4 bread rations
 n - 2 meat rations
 p - a royal jelly


   Skills:
 + Level 4.1 Fighting
 + Level 4.0 Axes
 + Level 3.9 Armour
 + Level 1.4 Dodging
 + Level 0.2 Stealth
 + Level 4.1 Shields


You had 5 spell levels left.
You didn't know any spells.

Dungeon Overview and Level Annotations

Branches:
Dungeon (4/15)
 Temple: D:4-7

Altars:
Jiyva

Annotations:
D:4 CalmDownMonkey's ghost, novice TrMo


Innate Abilities, Weirdness & Mutations

((You have sharp toenails.))
((You are partially covered in thin metallic scales. (AC +2)))
A weak demonic guardian rushes to your aid.
You sometimes gain a little power by taking damage.


Message History

Found a scroll labeled MEICACVETU.
Okay, then.
You feel sick.
Your quasit bites CalmDownMonkey's ghost.
Your quasit claws CalmDownMonkey's ghost but does no damage. x2
An adder comes into view.
A giant cockroach comes into view.
Found a robe.
You feel sick.
The orc wizard points at you and mumbles some strange words.
The magic dart hits you!
* * * LOW HITPOINT WARNING * * *
CalmDownMonkey's ghost wails, "What do you have that I didn't have?"
Okay, then.
It was a potion of lignification.
You turn into a tree.
Your +3 scale mail melds into your body.
Your roots penetrate the ground.
Your quasit bites the orc.
Your quasit misses the orc.
Your quasit claws the orc.
CalmDownMonkey's ghost hits you!
You die...

#..# ...[ ##..###
#..?.. ####8..8#
#.....s.# #....!..#
#.....♣.#
###%....Wo#
#.......oo#
####.....55..# .
...........o.##....
.......###.S.....>.
..o... #.####....
#...###o# ...
#.5(..# ##


You could see an orc wizard, CalmDownMonkey's ghost, an adder, 4 orcs, a giant
cockroach, a friendly quasit and a friendly ufetubus.

Vanquished Creatures
  Grinder (D:3)
  Terence (D:3)
  3 gnolls
  3 adders
  2 dart slugs (D:1)
  2 leopard geckos (D:3)
  3 orcs
  7 bats
  A giant cockroach (D:3)
  8 goblins
  2 hobgoblins
  4 kobolds
  A quokka (D:2)
  A ball python (D:1)
  3 frilled lizards (D:1)
  9 rats
51 creatures vanquished.

Vanquished Creatures (collateral kills)
  Sigmund (D:3)
  A gnoll (D:2)
  A hobgoblin (D:3)
  A bat (D:3)
4 creatures vanquished.

Vanquished Creatures (others)
  A rat (D:3)
1 creature vanquished.

Grand Total: 56 creatures vanquished

Notes
Turn   | Place    | Note
-------+----------+-------------------------------------------
     0 | D:1      | vishdafish the Demonspawn Fighter began the quest for the Orb.
     0 | D:1      | Reached XP level 1. HP: 18/18 MP: 1/1
    68 | D:1      | Gained mutation: A weak demonic guardian rushes to your aid. [demonic ancestry]
    68 | D:1      | Reached XP level 2. HP: 19/24 MP: 2/2
   758 | D:2      | Gained mutation: You have sharp toenails. [demonic ancestry]
   758 | D:2      | Reached XP level 3. HP: 29/29 MP: 3/3
  1163 | D:2      | Gained mutation: You sometimes gain a little power by taking damage. [demonic ancestry]
  1163 | D:2      | Reached XP level 4. HP: 17/35 MP: 4/4
  1989 | D:3      | Noticed Sigmund
  2005 | D:3      | Killed Sigmund
  2005 | D:3      | Reached skill level 1 in Dodging
  2005 | D:3      | Gained mutation: You are partially covered in thin metallic scales. (AC +2) [demonic ancestry]
  2005 | D:3      | Reached XP level 5. HP: 8/42 MP: 5/5
  2169 | D:3      | Noticed Terence
  2178 | D:3      | Killed Terence
  2192 | D:3      | Noticed Grinder
  2194 | D:3      | Paralysed by Grinder for 7 turns
  2205 | D:3      | Killed Grinder
  2205 | D:3      | Reached XP level 6. HP: 43/48 MP: 6/6
  2417 | D:3      | Found a faded altar of an unknown god.
  2472 | D:3      | Became a worshipper of Jiyva Juawi the Shapeless
  2472 | D:3      | Reached * piety under Jiyva
  2489 | D:4      | Noticed CalmDownMonkey's ghost (novice TrMo)
  2838 | D:4      | Slain by CalmDownMonkey's ghost

Skill      XL: |  1  2  3  4  5 |
---------------+----------------+-----
Axes           | 2 3 4 |  4.0
Armour         | 3 |  3.9
Shields        | 3 4 |  4.1
Dodging        | 1 |  1.4
Fighting       | 4 |  4.1
Stealth        | |  0.2

Action                   |  1- 3 |  4- 6 || total
-------------------------+-------+-------++-------
Melee: War axe           |    84 |    81 ||   165
       Kick              |     1 |    16 ||    17
  Use: Potion            |       |     3 ||     3
  Eat: Chunk             |       |     6 ||     6
Armor: Scale mail        |    52 |    35 ||    87
Dodge: Dodged            |    25 |    24 ||    49
Block: Shield            |    50 |    48 ||    98
